[Event "Late-Titled-Tuesday-Blitz-June-18-2024"]
[Site "Chess.com"]
[Date "2024.06.18"]
[Round "4"]
[White "MITerryble"]
[Black "Tunahan_Makaraci"]
[Result "0-1"]
[WhiteElo "2978"]
[BlackElo "2627"]
[TimeControl "180+1"]
[EndTime "14:42:20 PDT"]
[Termination "Tunahan_Makaraci won by resignation"]

1. e4 c5 2. Nf3 Nc6 3. Bb5 d6 4. O-O Bd7 5. Re1 Nf6 6. c3 a6 7. Bf1 Bg4 8. d4 cxd4 9. cxd4 e5 10. d5 Nd4 11. Be3 Nxf3+ 12. gxf3 Bd7 13. a4 Be7 14.
Nd2 O-O 15. Nc4 Nh5 16. Nb6 Rb8 17. Rc1 Be8 18. Qc2 Bg5 19. Qc7 Bxe3 20. fxe3 Qg5+ 21. Kh1 Rd8 22. Bh3 Qh4 23. Bg4 Ng3+ 24. Kg2 Nxe4 25. Nc8 Bxa4 26. Ne7+ Kh8 27. Nf5 Qf2+ 28. Kh1 Nf6 29.
Rf1 Qxb2 30. Nxd6 Nxg4 31. fxg4 Rd7 32. Rxf7 Rdxf7 33. Nxf7+ Kg8 34. Rf1 Bc2 35. Kg1 Be4 36. Nh6+ gxh6 37. Rxf8+ Kxf8 38. Qd8+ Kf7 39. Qd7+ Kf8 40.
Qd6+ Kf7 41. Qe6+ Kf8 42. Qc8+ Ke7 43. Qe6+ Kd8 44. Qd6+ Kc8 45. Qc5+ Kb8 46. Kf1 Qb1+ 47. Kf2 Qc2+ 48. Qxc2 Bxc2 49. Ke2 a5 50. Kd2 Be4 51. Kc3 b5 0-1

[Event "Late-Titled-Tuesday-Blitz-June-18-2024"]
[Site "Chess.com"]
[Date "2024.06.18"]
[Round "4"]
[White "madmax011"]
[Black "AlbusSevresPotter"]
[Result "0-1"]
[WhiteElo "2394"]
[BlackElo "2613"]
[TimeControl "180+1"]
[EndTime "14:42:23 PDT"]
[Termination "AlbusSevresPotter won by checkmate"]

1. d4 g6 2. c4 Bg7 3. Nc3 d6 4. e4 Bd7 5. Be3 Nc6 6. d5 Na5 7. Bd4 Nf6 8. e5 dxe5 9. Bxe5 c5 10. Nf3 O-O 11. Be2 Bg4 12. Qd3 Nd7 13. Bxg7 Kxg7 14. Ne4 Qb6 15. Qc3+ Kg8 16. O-O Bxf3 17. Bxf3 Qb4 18.
Qxb4 cxb4 19. b3 b6 20. g3 Nb7 21. Rfe1 Rfe8 22. Rad1 Rad8 23. Bg2 h6 24. f4 f5 25.
Nf2 Nbc5 26. Re3 Kf7 27. Rde1 a5 28. h3 a4 29. g4 axb3 30. axb3 Nf6 31. Bf3 e6 32. g5 hxg5 33. fxg5 f4 34. R3e2 Nh7 35. dxe6+ Nxe6 36. h4 Nd4 37. Bd5+ Kf8 38. Re4 Nf3+ 39. Kg2 Nxe1+ 40. Kf1 Rxe4 41. Nxe4 Nd3 42. Ke2 Nc5 43. Nd2 Ke7 44. Kf3 Nf8 45. Kxf4 Nfe6+ 46. Ke5 Rf8 47. Nf3 Rf5# 0-1

[Event "Late-Titled-Tuesday-Blitz-June-18-2024"]
[Site "Chess.com"]
[Date "2024.06.18"]
[Round "4"]
[White "dennisodessa"]
[Black "bascheyaro"]
[Result "1-0"]
[WhiteElo "2615"]
[BlackElo "2816"]
[TimeControl "180+1"]
[EndTime "14:42:24 PDT"]
[Termination "dennisodessa won on time"]

1. d4 d5 2. c4 c6 3. Nf3 Nf6 4.
Nbd2 Bf5 5. Nh4 Be6 6. e3 Nbd7 7. Bd3 g6 8. O-O Bg7 9. b3 O-O 10. Bb2 a6 11. Nhf3 Bf5 12. Bxf5 gxf5 13. Ne5 e6 14. Rc1 Nxe5 15. dxe5 Ng4 16. Nf3 dxc4 17. bxc4 Qc7 18. Qd4 Rad8 19. Qf4 Bh6 20. Qg3 Kh8 21. Rfe1 Rg8 22.
Qh4 Bf8 23. Rcd1 Be7 24. Qh5 Rg6 25. h3 Rh6 26. Qxf7 Rf8 27. Qxf8+ Bxf8 28. hxg4 fxg4 29. Nh2 Rg6 30. Nf1 Bb4 31. Re2 h5 32. a3 Ba5 33.
Ng3 h4 34. Ne4 Qf7 35. Nf6 Rg5 36. Rd7 Qg6 37. Rh7+ Qxh7 38. Nxh7 Kxh7 39. Rc2 Rg7 40. c5 g3 41. Bd4 Rd7 42. fxg3 hxg3 43. Rc1 Bd2 44. Rf1 Kg6 45. Rf6+ Kh5 46. Kf1 Bc1 47. Ke2 Bxa3 48. Rxe6 a5 49. Re8 a4 50. Ra8 1-0

[Event "Late-Titled-Tuesday-Blitz-June-18-2024"]
[Site "Chess.com"]
[Date "2024.06.18"]
[Round "4"]
[White "Adar_07"]
[Black "ansko1999"]
[Result "1-0"]
[WhiteElo "2818"]
[BlackElo "2595"]
[TimeControl "180+1"]
[EndTime "14:42:24 PDT"]
[Termination "Adar_07 won by checkmate"]

1. e4 c5 2. Nf3 Nf6 3. Nc3 d5 4. exd5 Nxd5 5. Bb5+ Bd7 6. Ne5 e6 7.
Nxd7 Nxd7 8. Nxd5 exd5 9. O-O Be7 10.
Qg4 a6 11. Qxg7 Rf8 12. Be2 Nf6 13. d4 cxd4 14. Re1 Qd6 15. Bg5 Rg8 16. Qh6 Rg6 17. Qh4 O-O-O 18. Bd3 Rxg5 19. Qxg5 Ne4 20. Qf5+ Kb8 21.
Bxe4 dxe4 22. Qxe4 Bf6 23. Qxh7 Rh8 24. Qxh8+ Bxh8 25.
Re8+ Kc7 26. Rxh8 Qb4 27. Rd1 Qxb2 28. Rh4 d3 29. Rc4+ Kb8 30. cxd3 Qxa2 31. h4 b5 32. Rf4 Qe2 33. Rf1 Qxd3 34. h5 Qh7 35. Rh4 Qh6 36. Re1 Kc7 37. Re7+ Kb6 38. Rxf7 a5 39. Rhf4 Qh8 40.
h6 a4 41. R4f6+ Ka5 42. h7 a3 43. Ra7+ Kb4 44. Rf4+ Kc5 45. Rg4 b4 46. Rg8 Qa1+ 47. Kh2 Qe5+ 48. g3 Qh5+ 49. Kg2 Qd5+ 50. f3 Qd2+ 51.
Kh3 Qh6+ 52. Kg4 Qe6+ 53. Kh5 Qf5+ 54. Rg5 Qxg5+ 55. Kxg5 b3 56. h8=Q b2 57. Qc3+ Kb6 58.
Qa5+ Kc6 59. Rc7+ Kd6 60. Qc5+ Ke6 61. Re7# 1-0

[Event "Late-Titled-Tuesday-Blitz-June-18-2024"]
[Site "Chess.com"]
[Date "2024.06.18"]
[Round "4"]
[White "ArtemDyachuk"]
[Black "NajdorfPlayerc5"]
[Result "0-1"]
[WhiteElo "2635"]
[BlackElo "2451"]
[TimeControl "180+1"]
[EndTime "14:42:24 PDT"]
[Termination "NajdorfPlayerc5 won by checkmate"]

1. e4 e5 2. Nf3 Nf6 3. Nxe5 d6 4. Nf3 Nxe4 5. d4 d5 6. Bd3 Bd6 7. O-O O-O 8. c4 c6 9. Nc3 Nxc3 10. bxc3 dxc4 11.
Bxc4 Bf5 12. Bg5 Qa5 13. Nh4 Be6 14. Bxe6 Qxg5 15. Nf3 Qa5 16. Bh3 Qxc3 17. Rb1 b6 18. Rb3 Qa5 19. d5 cxd5 20. Nd4 Bc5 21. Nf5 Nc6 22. Qh5 Qd2 23. Rg3 g6 24. Qh4 f6 25.
Nh6+ Kh8 26. Be6 Rae8 27. Rxg6 Rxe6 28. Nf5 Qxf2+ 29. Qxf2 Bxf2+ 30. Kxf2 hxg6 31. Ng3 Kg7 32. Rc1 d4 33. Rd1 Rd8 34. h4 d3 35. h5 d2 36. hxg6 Kxg6 37. Ne2 Kf7 38. Nf4 Re4 39.
g3 Rxf4+ 40. gxf4 Ke6 41. Ke3 Kf5 42. a3 Na5 43. Kf3 Nc4 44. a4 Nb2 45. Ke2 Nxd1 46. Kxd1 Kxf4 47. a5 bxa5 48. Kc2 d1=Q+ 49. Kb2 Rd2+ 50.
Ka3 Qa1+ 51. Kb3 Qa2+ 52. Kc3 Qc2# 0-1

[Event "Late-Titled-Tuesday-Blitz-June-18-2024"]
[Site "Chess.com"]
[Date "2024.06.18"]
[Round "4"]
[White "yobdc"]
[Black "Chopper1905"]
[Result "0-1"]
[WhiteElo "2562"]
[BlackElo "2912"]
[TimeControl "180+1"]
[EndTime "14:42:26 PDT"]
[Termination "Chopper1905 won on time"]

1. e4 c5 2. Nf3 d6 3. Bb5+ Bd7 4. c4 Nf6 5. Nc3 e5 6. Bxd7+ Nfxd7 7. d3 Nc6 8. Nd2 Be7 9. Nf1 O-O 10. h4 f5 11.
exf5 Rxf5 12. Ne3 Rf7 13. Ned5 Nf6 14. Be3 Qd7 15. Qe2 Raf8 16. O-O-O Bd8 17. f3 Nxd5 18. Nxd5 b5 19. Kb1 Ne7 20. Nc3 a6 21. h5 Nf5 22.
Bf2 Ba5 23. Ne4 Rb8 24. g4 Nd4 25.
Bxd4 cxd4 26. c5 d5 27. Nd6 Re7 28. Rc1 Bc7 29. Nf5 Re6 30. c6 Qf7 31. Qc2 Rc8 32. Qc5 Ree8 33. Rhe1 Bb8 34. a3 Ba7 35. Qd6 Rcd8 36.
Qb4 Qc7 37. Rc2 Bb6 38. Rec1 g6 39. hxg6 hxg6 40. Ng3 Kg7 41. Rh1 Rh8 42. Rch2 Rxh2 43. Rxh2 Re8 44. a4 Qxc6 45. axb5 axb5 46. Rc2 Qd7 47.
Ne2 Rf8 48. Qa3 Rxf3 49. Qa8 Rf1+ 50. Nc1 Rf8 51. Qa3 Rf7 52. Qa8 Bd8 53. Rc3 dxc3 0-1

[Event "Late-Titled-Tuesday-Blitz-June-18-2024"]
[Site "Chess.com"]
[Date "2024.06.18"]
[Round "4"]
[White "GianmarcoVaR"]
[Black "rasmussvane"]
[Result "0-1"]
[WhiteElo "2699"]
[BlackElo "2984"]
[TimeControl "180+1"]
[EndTime "14:42:28 PDT"]
[Termination "rasmussvane won by resignation"]

1. Nf3 d5 2. g3 Nf6 3. Bg2 e6 4. c4 Be7 5. d4 O-O 6. O-O dxc4 7. Qc2 a6 8. a4 Bd7 9. Qxc4 Bc6 10.
Bg5 Nbd7 11. Nbd2 h6 12. Bxf6 Nxf6 13. Rfd1 Qd6 14. Rac1 Rac8 15. Nb3 Qb4 16. Nc5 Bxc5 17. dxc5 Qxa4 18. Qxa4 Bxa4 19. Rd4 Bb5 20. Ne5 c6 21. Nd7 Rfd8 22. Rcd1 Nxd7 23. Rxd7 Rxd7 24. Rxd7 Rb8 25.
Kf1 b6 26. Rc7 bxc5 27. Bxc6 c4 28. Bxb5 axb5 29. Ke1 Rd8 30. Rc5 Rd5 31. Rc8+ Kh7 32. Rb8 Kg6 33. e4 Re5 34. f3 f5 35. Kd2 fxe4 36. f4 Rd5+ 37. Ke2 Kf5 38. h3 h5 39. Rh8 Kf6 40. Rf8+ Ke7 41. Rg8 Kf7 42. Rh8 g6 43.
Rb8 Rd3 44. g4 Rxh3 45. g5 Rh2+ 46. Ke3 Rxb2 47. Rb7+ Ke8 48. Kd4 Rd2+ 49. Ke5 e3 50.
Kxe6 e2 51. Re7+ Kd8 52. Rf7 e1=Q+ 0-1

[Event "Late-Titled-Tuesday-Blitz-June-18-2024"]
[Site "Chess.com"]
[Date "2024.06.18"]
[Round "4"]
[White "nindjaxx8"]
[Black "JG1me"]
[Result "1/2-1/2"]
[WhiteElo "2731"]
[BlackElo "2551"]
[TimeControl "180+1"]
[EndTime "14:42:29 PDT"]
[Termination "Game drawn by repetition"]

1. d4 Nf6 2. c4 e6 3. Nc3 Bb4 4.
Qc2 d5 5. cxd5 exd5 6. Bg5 O-O 7. e3 c6 8. Bd3 h6 9. Bh4 Nbd7 10. Nf3 Re8 11. O-O Qe7 12. a3 Bd6 13. Rfe1 Qf8 14. Re2 g5 15. Bg3 Bxg3 16. hxg3 Qd6 17. Rae1 Nf8 18. e4 dxe4 19. Nxe4 Nxe4 20. Bxe4 Be6 21. Re3 Kg7 22. Qc3 Bd5 23. Bxd5 Rxe3 24. Rxe3 Qxd5 25. Re5 Qd6 26. d5 f6 27. Rf5 cxd5 28. Qb3 Rd8 29. Nd4 Ne6 30. Nb5 Qc5 31. Nc3 Rd7 32. Rxd5 Rxd5 33.
Qxb7+ Nc7 34. Nxd5 Qxd5 35. Qxc7+ Kg6 36. f3 Qd4+ 37. Kh2 Qxb2 38. Qxa7 h5 39. Qa8 Kg7 40. a4 h4 41. Qe4 hxg3+ 42. Kxg3 Qa3 43. Qb7+ Kg6 44.
Qe4+ Kg7 45. Kg4 Qc5 46. Qb7+ Kg6 47. Qa8 Qb4+ 48. Kg3 Qd6+ 49. Kf2 Qc5+ 50. Kf1 Qc1+ 51. Kf2 Qd2+ 52. Kf1 Qd1+ 53. Kf2 Qd2+ 54. Kg3 Qf4+ 55. Kf2 Qd2+ 1/2-1/2

[Event "Late-Titled-Tuesday-Blitz-June-18-2024"]
[Site "Chess.com"]
[Date "2024.06.18"]
[Round "4"]
[White "ellatambien"]
[Black "Roachelley"]
[Result "0-1"]
[WhiteElo "2709"]
[BlackElo "2555"]
[TimeControl "180+1"]
[EndTime "14:42:30 PDT"]
[Termination "Roachelley won by resignation"]

1. Nf3 Nf6 2. g3 d5 3. c4 c6 4. Bg2 Bg4 5. Qb3 Qb6 6. cxd5 Nxd5 7. O-O Qxb3 8. axb3 Nd7 9. d4 e6 10. Nc3 Bb4 11.
Bd2 Be7 12. Rfc1 O-O 13. Ne4 h6 14. h3 Bf5 15. Ne1 N5f6 16. Nc5 Nxc5 17. dxc5 a6 18. Bc3 Nd5 19. Ba5 Bf6 20. e4 Bxb2 21. exf5 exf5 22. Bxd5 cxd5 23. Nd3 Bxa1 24. Rxa1 Rfe8 25. Rd1 Re4 26. Nf4 d4 27. Nd5 Rae8 28. Kg2 R8e5 29. Nf4 Rxc5 30. b4 Rc2 31. Nd3 Ree2 32. Kf3 g5 33. g4 f4 34. Rb1 Red2 35. Nc5 Rxf2+ 36. Ke4 b5 37. Kxd4 Rcd2+ 38. Kc3 Rd5 39. Bb6 Rf3+ 40.
Kc2 Rxh3 41. Ne4 Re5 42. Re1 Re6 43. Bd4 Rh2+ 44. Kd3 f3 45. Rf1 Re2 46. Nf6+ Kf8 47. Rxf3 Ra2 48. Nd7+ Ke8 49. Nc5 Ree2 50. Be3 Reb2 51.
Ke4 Rxb4+ 52. Kd5 Rxg4 53. Kc6 Rc2 54. Bd4 Rxd4 55. Re3+ Kf8 56. Kb6 Rd6+ 57. Kc7 Rd5 58.
Kb6 Rcxc5 0-1

[Event "Late-Titled-Tuesday-Blitz-June-18-2024"]
[Site "Chess.com"]
[Date "2024.06.18"]
[Round "4"]
[White "VacheH009"]
[Black "carokannlover213"]
[Result "1-0"]
[WhiteElo "2539"]
[BlackElo "2674"]
[TimeControl "180+1"]
[EndTime "14:42:30 PDT"]
[Termination "VacheH009 won on time"]

1. c4 e6 2. Nc3 d5 3. d4 Nf6 4. Nf3 c6 5. e3 Nbd7 6. Qc2 Bd6 7. Be2 O-O 8. b3 Qe7 9. O-O b6 10. Bb2 Bb7 11. a4 a5 12. Rfd1 Rfd8 13. e4 dxe4 14. Nxe4 Nxe4 15. Qxe4 f5 16. Qc2 c5 17. d5 exd5 18.
cxd5 Nf6 19. Qxf5 Qxe2 20. Bxf6 Rf8 21. Qe6+ Qxe6 22. dxe6 Bf4 23. Be7 Rfe8 24. Bd6 Bh6 25. e7 Bxf3 26. gxf3 Bg5 27. Re1 Kf7 28. Bc7 Bxe7 29.
Bxb6 Reb8 30. Bc7 Rxb3 31. Rad1 Ra7 32. Bg3 c4 33. Rd5 Rab7 34. Rf5+ Ke8 35. Kg2 c3 36.
Rc1 Kd7 37. Rf4 Bf6 38. Rc4 R7b4 39. Rc5 Ke6 40. f4 Kf7 41. f5 Rxa4 42. Rc7+ Ke8 43.
Re1+ Kd8 44. Ra7 Rc4 45. Rd1+ Rd4 46. Re1 c2 47. Bc7+ Kc8 48. Re8+ Bd8 49. Bxd8 1-0

[Event "Late-Titled-Tuesday-Blitz-June-18-2024"]
[Site "Chess.com"]
[Date "2024.06.18"]
[Round "4"]
[White "vladislavkovalev"]
[Black "Javokhir_Sindarov05"]
[Result "1/2-1/2"]
[WhiteElo "2865"]
[BlackElo "3063"]
[TimeControl "180+1"]
[EndTime "14:42:31 PDT"]
[Termination "Game drawn by agreement"]

1. e4 e5 2. Nf3 Nc6 3. Bb5 a6 4. Ba4 Nf6 5. O-O Bc5 6. d3 b5 7. Bb3 d6 8. c3 O-O 9. h3 h6 10. a4 Rb8 11. axb5 axb5 12. Re1 Re8 13. Nbd2 Bb6 14.
Nf1 Ne7 15. Ng3 Ng6 16. Nh2 d5 17. Qf3 Be6 18. Bc2 dxe4 19. Nxe4 Nxe4 20. dxe4 Qh4 21.
Ng4 Rbd8 22. Ne3 Qf4 23. Qe2 Qf6 24. Nf5 Nh4 25. Qg4 Nxf5 26. exf5 Bc4 27. Be4 Bd3 28. Be3 Bxe3 29. Rxe3 Bxe4 30. Qxe4 Rd2 31. b4 Qd6 32.
Rae1 f6 33. Qg4 Rd8 34. Rg3 Rd7 35. Rge3 Rd1 36. Rxd1 Qxd1+ 37. Kh2 Qxg4 38. hxg4 Kf7 39.
Kg3 Rd5 40. Kf3 c5 41. bxc5 Rxc5 42. Ke2 g6 43. fxg6+ Kxg6 44. Kd2 Rc4 45. f3 Ra4 46.
Ke2 Ra2+ 47. Kf1 Rc2 48. Rd3 Kg5 49. Kg1 Kf4 50. Kh2 Kg5 51. Rd5 Rxc3 52. Rxb5 h5 1/2-1/2

[Event "Late-Titled-Tuesday-Blitz-June-18-2024"]
[Site "Chess.com"]
[Date "2024.06.18"]
[Round "4"]
[White "Evan_Attaker"]
[Black "Orest_Vovk"]
[Result "1-0"]
[WhiteElo "2747"]
[BlackElo "2553"]
[TimeControl "180+1"]
[EndTime "14:42:32 PDT"]
[Termination "Evan_Attaker won by checkmate"]

1. a3 g5 2. d3 h6 3. h4 g4 4. h5 g3 5. fxg3 Nf6 6. e4 d5 7. e5 Ng4 8. Bf4 Bg7 9. d4 c5 10. Be2 f5 11. Bxg4 fxg4 12. Qd3 O-O 13. c3 Bf5 14. Qd1 Qb6 15. Qd2 Nc6 16. Ne2 Kh7 17. b4 cxd4 18. cxd4 Be4 19. Nbc3 Bxg2 20. Rh2 Bf3 21. Rf2 e6 22. Qd3+ Kh8 23. Rc1 Ne7 24. Ng1 Bh1 25. Rh2 Be4 26. Nxe4 dxe4 27. Qxe4 Nf5 28.
Ne2 Rad8 29. Rd1 Qa6 30. Bc1 Qc4 31. Rf2 Ne7 32. Qxg4 Rxf2 33. Kxf2 Rf8+ 34. Bf4 Nf5 35. Qf3 b5 36. Rc1 Qa2 37. Rc7 Nxd4 38. Qe4 Nxe2 39. Qxe2 Qd5 40. Kg1 a6 41. Kh2 Qd8 42. Rb7 Qd5 43.
Ra7 Rc8 44. Rxa6 Qb3 45. Rd6 Rc2 46. Rd2 Rc3 47. Rd8+ Bf8 48. Rxf8+ Kg7 49. Rd8 Rc2 50. Rd2 Rc1 51. Qg4+ Kf7 52. Rd7+ Ke8 53. Bxc1 Qc2+ 54. Rd2 Qxc1 55. Qxe6+ Kf8 56. Rd8+ Kg7 57. Qg6# 1-0

[Event "Late-Titled-Tuesday-Blitz-June-18-2024"]
[Site "Chess.com"]
[Date "2024.06.18"]
[Round "4"]
[White "laskakid"]
[Black "imdvb6307"]
[Result "0-1"]
[WhiteElo "2376"]
[BlackElo "2530"]
[TimeControl "180+1"]
[EndTime "14:42:37 PDT"]
[Termination "imdvb6307 won by checkmate"]

1. Nf3 d5 2. b3 c5 3. e3 Bg4 4.
h3 Bxf3 5. Qxf3 Nf6 6. Bb2 e6 7.
d3 Nc6 8. Nd2 Be7 9. g4 O-O 10.
Bg2 Nb4 11. Qd1 a5 12. a3 Nc6 13. O-O e5 14. Qe2 Re8 15. c4 d4 16. Ne4 Nxe4 17.
Bxe4 Qb6 18. Qc2 Bg5 19. Rae1 Rad8 20. Kg2 Ne7 21. Bc1 dxe3 22. fxe3 Rd7 23. Bb2 Ng6 24. Bc3 Qd8 25. Qb2 f6 26. Qd2 b6 27. Bc6 Ree7 28.
Bxd7 Rxd7 29. Rd1 Nf8 30. Qe2 Ne6 31. Rh1 Qa8+ 32. Kg3 a4 33. b4 cxb4 34. axb4 Qc6 35. Ra1 e4 36. d4 b5 37. d5 Qd6+ 38. Kg2 Nc7 39. cxb5 Nxd5 40. Bd2 Qe6 41. Rxa4 Nb6 42.
Ra6 Rb7 43. Rc1 h5 44. Rc6 Qb3 45. Rcxb6 Rxb6 46. Rxb6 hxg4 47. Rb8+ Kh7 48. Qxg4 Qc2 49. Qh5+ Bh6 50. Qf7 Qxd2+ 51. Kg3 Qxe3+ 52. Kg2 Qe2+ 53. Kg3 Qf3+ 54. Kh2 Bf4+ 55. Kg1 Be3+ 56. Kh2 Qf2+ 57. Kh1 Qf1+ 58. Kh2 Bf4# 0-1

[Event "Late-Titled-Tuesday-Blitz-June-18-2024"]
[Site "Chess.com"]
[Date "2024.06.18"]
[Round "4"]
[White "th3d4rkness"]
[Black "patzer-reloaded"]
[Result "1/2-1/2"]
[WhiteElo "2209"]
[BlackElo "2454"]
[TimeControl "180+1"]
[EndTime "14:42:37 PDT"]
[Termination "Game drawn by repetition"]

1. e4 d6 2. d4 Nf6 3. Nc3 g6 4. Nge2 Bg7 5. g3 O-O 6. Bg2 Nbd7 7. O-O Rb8 8. a4 c5 9. d5 b6 10. h3 a6 11. Kh2 b5 12. axb5 axb5 13. f4 Ne8 14. g4 Nc7 15. Ng3 b4 16. Nce2 Ba6 17.
Re1 Bxe2 18. Qxe2 Nb5 19. Qc4 Nd4 20. Qd3 b3 21. cxb3 Nxb3 22. Rb1 Nxc1 23. Rexc1 Bxb2 24. Re1 Qa5 25. e5 dxe5 26. f5 Bc3 27. Rec1 Bd2 28.
Rd1 Bf4 29. Kh1 Bxg3 30. Qxg3 Rb4 31. Rxb4 cxb4 32. d6 exd6 33. Rxd6 Qa1+ 34. Kh2 Nc5 35. Rd5 Rc8 36. Rxe5 b3 37. fxg6 hxg6 38. Re1 b2 39.
Qe5 b1=Q 40. Qxa1 Qxa1 41. Rxa1 Nd3 42. Ra2 Nf4 43. Bd5 Nxd5 44. Rd2 Nf4 45. Kg3 g5 46. h4 f6 47. hxg5 fxg5 48. Rd6 Rc5 49. Rd7 Kf8 50. Kf3 Ne6 51. Ra7 Ke8 52. Ke4 Kf8 53.
Ra8+ Kf7 54. Ra7+ Kf6 55. Ra6 Re5+ 56. Kf3 Rc5 57. Rb6 Re5 58. Ra6 Ke7 59. Ra7+ Kf6 60. Ra6 1/2-1/2

[Event "Late-Titled-Tuesday-Blitz-June-18-2024"]
[Site "Chess.com"]
[Date "2024.06.18"]
[Round "4"]
[White "Millerkallpa"]
[Black "DeArron_Fox"]
[Result "1-0"]
[WhiteElo "2242"]
[BlackElo "2448"]
[TimeControl "180+1"]
[EndTime "14:42:39 PDT"]
[Termination "Millerkallpa won on time"]

1. e4 c5 2. Nf3 e6 3. d4 cxd4 4. Nxd4 a6 5. Be2 Nf6 6. Nc3 Qc7 7. O-O Nc6 8. Be3 Bd6 9. f4 Nxd4 10. Qxd4 Be7 11.
e5 Nd5 12. Nxd5 exd5 13. c3 d6 14. Qxd5 Be6 15. exd6 Bxd5 16. dxc7 O-O 17. Bf3 Bxf3 18. Rxf3 Rac8 19. Bb6 Bd6 20. Rd1 Bxc7 21. Bxc7 Rxc7 22. Rfd3 g6 23. Rd7 Rfc8 24. Kf2 b5 25. Rxc7 Rxc7 26. Rd6 b4 27. Rd3 bxc3 28. Rxc3 Rb7 29. b3 a5 30. Rc4 Kg7 31. Ke3 Kf6 32. g4 h5 33.
Rc6+ Kg7 34. g5 a4 35. Rc3 axb3 36. axb3 f6 37. h4 fxg5 38. fxg5 Kf7 39. Kf3 Ke6 40. Rd3 Kf5 41. Rd5+ Ke6 42. Rd3 Rb4 43. Kg3 Ke5 44. Rf3 Rg4+ 45. Kh3 Rb4 46. Rg3 Kf4 47. Rc3 Ke5 48. Rg3 Kf4 49. Rd3 Ke5 50. Rc3 Kd4 51. Rc4+ Rxc4 52. bxc4 Kxc4 53. Kg3 Kd5 54.
Kf4 Kd4 55. Kf3 Kd3 56. Kf4 Kd4 57. Kf3 Kd5 58. Kf4 Kc5 59. Ke5 1-0

[Event "Late-Titled-Tuesday-Blitz-June-18-2024"]
[Site "Chess.com"]
[Date "2024.06.18"]
[Round "4"]
[White "simaopdias"]
[Black "jaramsdal"]
[Result "0-1"]
[WhiteElo "2199"]
[BlackElo "2459"]
[TimeControl "180+1"]
[EndTime "14:42:40 PDT"]
[Termination "jaramsdal won by resignation"]

1. e4 c5 2. Nf3 g6 3. d4 cxd4 4. Qxd4 Nf6 5. Bb5 a6 6. e5 axb5 7. exf6 Nc6 8. Qe3 e6 9. Nc3 b4 10. Nd5 Ra5 11. c4 bxc3 12. Nxc3 Qxf6 13. O-O Bc5 14.
Qe2 b6 15. Bg5 Qg7 16. Ne4 Be7 17. Bxe7 Kxe7 18. Qe3 d5 19. Nc3 d4 20. Qe4 dxc3 21.
Qxc6 cxb2 22. Rad1 Rd5 23. Rxd5 exd5 24. Qxb6 Rd8 25.
Nd4 Be6 26. Nc6+ Kd7 27. Nxd8 Qc3 28. Nxe6 fxe6 29. Qb5+ Kd6 30. Qa6+ Kd7 31. Qe2 d4 32. Qd1 d3 33. Qb1 d2 34. Rd1 Qc1 35. Qd3+ Ke7 36.
Qa3+ Kf7 37. Qa7+ Kf6 38. Qd4+ Kf7 39. Qd7+ Kf8 40. Qd8+ Kg7 41. Qe7+ Kg8 42. Qe8+ Kg7 43. Qe7+ Kh6 44. Qf8+ Kg5 45. Qe7+ Kf5 46. Qf7+ Ke5 47. f4+ Kd6 48. Qf8+ Kd7 49. Qf7+ Kc6 50. Qxe6+ Kb5 51. Qe5+ Kc4 52. Qe4+ Kc3 53. Qe5+ Kc2 54. Qe2 Qxd1+ 55. Kf2 Qxe2+ 0-1

[Event "Late-Titled-Tuesday-Blitz-June-18-2024"]
[Site "Chess.com"]
[Date "2024.06.18"]
[Round "4"]
[White "Skatchkov_V"]
[Black "Kaustubh_Kodihalli"]
[Result "0-1"]
[WhiteElo "2628"]
[BlackElo "2386"]
[TimeControl "180+1"]
[EndTime "14:42:41 PDT"]
[Termination "Kaustubh_Kodihalli won by resignation"]

1. d4 d5 2. c4 c6 3. Nc3 Nf6 4. Nf3 e6 5. g3 dxc4 6. Bg2 Bb4 7. Ne5 O-O 8. O-O Nbd7 9. Nxc4 c5 10. Bf4 cxd4 11. Qxd4 Bc5 12. Qd3 Nb6 13. Nd6 Nbd5 14. Nxd5 Nxd5 15. Bxd5 Bxd6 16. Bxb7 Bxb7 17. Qxd6 Qxd6 18.
Bxd6 Rfd8 19. Rfd1 Bd5 20. Be5 f6 21. Bc3 e5 22. a3 Bb3 23. Rxd8+ Rxd8 24. Kf1 Kf7 25. Ke1 Rd5 26. Rc1 a5 27. Bd2 a4 28. Rc7+ Kg6 29. f3 h5 30. Bb4 Rd1+ 31. Kf2 Rb1 32. Bc3 Rh1 33. Kg2 Rc1 34. Kf2 Rc2 35. h4 Rc1 36. Rd7 Rh1 37. Bb4 Rb1 38. Bf8 Bf7 39. Rd2 Rc1 40.
g4 hxg4 41. fxg4 Bb3 42. h5+ Kg5 43. Bxg7 Kxg4 44. h6 Rh1 45. Kg2 Rh5 46. Bxf6 Rxh6 47. Bxe5 Kf5 48. Bc3 Ke4 49. Rd4+ Ke3 50. Rd6 Rxd6 51.
Bb4 Rd5 52. Bc3 Kxe2 0-1

[Event "Late-Titled-Tuesday-Blitz-June-18-2024"]
[Site "Chess.com"]
[Date "2024.06.18"]
[Round "4"]
[White "nitpicker"]
[Black "AleksandraMilovic"]
[Result "1-0"]
[WhiteElo "2349"]
[BlackElo "2039"]
[TimeControl "180+1"]
[EndTime "14:42:41 PDT"]
[Termination "nitpicker won by resignation"]

1. d4 Nf6 2. c4 g6 3. Nc3 Bg7 4. e4 d6 5. Be2 O-O 6. Nf3 e5 7. O-O Nc6 8. d5 Ne7 9. a4 Nd7 10. a5 f5 11. Ne1 a6 12. b4 Nf6 13. f3 f4 14. c5 g5 15. g4 Ng6 16. Nd3 Rf7 17.
Kf2 Bf8 18. Ba3 Nh4 19. Rg1 Kh8 20. Ke1 c6 21. Kd2 cxd5 22. exd5 dxc5 23. Nxe5 Rg7 24. bxc5 Nxd5 25. Nxd5 Qxd5+ 26. Nd3 Re7 27. Bb2+ Bg7 28.
Bxg7+ Kxg7 29. Ra4 Re3 30. Qa1+ Kg8 31. Rd4 Nxf3+ 32.
Bxf3 Qxf3 33. Rd8+ Kf7 34. Ne5+ Rxe5 35. Qxe5 Qf2+ 36.
Kc3 Be6 37. Rgd1 Rxd8 38. Rxd8 Qf3+ 39. Rd3 Qxg4 40. Qc7+ Kg6 41. Qxb7 Qg1 42. Qe4+ Bf5 43. Rd6+ Kh5 44. Qxf5 Qc1+ 45. Kd4 Qd2+ 46. Ke5 Qc3+ 47. Ke6 Qc4+ 48. Kd7 Qb5+ 49. Kc7 Qxa5+ 50. Rb6 Qe1 51. Qh3+ Qh4 52. Qxh4+ Kxh4 53. c6 g4 54. Rb2 g3 55. Kb7 Kh3 56. hxg3 fxg3 57. c7 g2 58. Rxg2 Kxg2 59. c8=Q h5 60. Qf5 h4 61. Qg5+ Kh3 62.
Kxa6 Kh2 63. Qxh4+ 1-0

[Event "Late-Titled-Tuesday-Blitz-June-18-2024"]
[Site "Chess.com"]
[Date "2024.06.18"]
[Round "4"]
[White "Fandorine"]
[Black "secretworker2027"]
[Result "1/2-1/2"]
[WhiteElo "2916"]
[BlackElo "2673"]
[TimeControl "180+1"]
[EndTime "14:42:44 PDT"]
[Termination "Game drawn - insufficient material"]

1. c4 e5 2. g3 Nf6 3. Bg2 h6 4. d3 c6 5. Nf3 Bb4+ 6. Nc3 d6 7.
O-O O-O 8. Qc2 Ba5 9. a3 Bf5 10. b4 Bc7 11. Bb2 Re8 12. e4 Bh7 13. Rad1 Nbd7 14.
Rfe1 Nf8 15. d4 Qe7 16. Qb3 a5 17. c5 axb4 18. axb4 N8d7 19. dxe5 dxe5 20. Nh4 Nf8 21. Nf5 Qe6 22. Qxe6 Nxe6 23. Nd6 Reb8 24. Nc4 Nd4 25. Rd2 Rd8 26. Red1 Bg6 27. h3 Kh7 28. f4 exf4 29.
Rxd4 Rxd4 30. Rxd4 fxg3 31. Nd6 b6 32. e5 bxc5 33.
bxc5 Rb8 34. Bc1 Ba5 35. Bd2 Nd7 36. Nxf7 Nxc5 37. Nd6 Bb6 38. Kh1 Nb3 39. Rb4 Nxd2 40. Bxc6 Bc7 41. Rxb8 Bxb8 42. Kg2 Bc7 43. Kxg3 Ba5 44.
Nd5 Ne4+ 45. Kf3 Nc5 46. Nf4 Bc7 47. Nxg6 Kxg6 48. Be8+ Kg5 49. Ke3 Bxd6 50. exd6 Kf6 51. Kd4 Ne6+ 52. Kd5 Nf8 53. Bh5 g6 54. Bg4 h5 55.
Be2 Kf5 56. Bd3+ Kf6 57. h4 g5 58. hxg5+ Kxg5 59. Ke5 h4 60. Bf1 Kg6 61. Bg2 Kf7 62. Bh3 Ke8 63. Kf4 Kd8 64. Kg5 Nd7 65. Kxh4 Nc5 66.
Kg3 Nb7 67. Kf4 Nxd6 1/2-1/2

[Event "Late-Titled-Tuesday-Blitz-June-18-2024"]
[Site "Chess.com"]
[Date "2024.06.18"]
[Round "4"]
[White "HansOnTwitch"]
[Black "MarcoRiehle"]
[Result "1-0"]
[WhiteElo "3131"]
[BlackElo "2805"]
[TimeControl "180+1"]
[EndTime "14:42:46 PDT"]
[Termination "HansOnTwitch won by checkmate"]

1. c4 c5 2. Nc3 Nf6 3. g3 d5 4.
cxd5 Nxd5 5. Bg2 Nc7 6. Nf3 Nc6 7. a3 e5 8. b4 f6 9. b5 Nd4 10. Rb1 Bf5 11. Rb2 Rb8 12. O-O Be7 13. d3 O-O 14. Nd2 b6 15. Nc4 Qd7 16. a4 Rfd8 17. f4 exf4 18. Bxf4 Be6 19. Ne3 Bd6 20. Qe1 Re8 21.
Qf2 Rbd8 22. Kh1 Bf7 23. Bxd6 Qxd6 24. Ne4 Qe7 25. g4 Nd5 26. Nc4 Bg6 27. a5 f5 28.
gxf5 Nxf5 29. axb6 axb6 30. Ng3 Nfe3 31. Bxd5+ Nxd5 32.
Rbb1 Nc3 33. Rb2 Rf8 34. Qg2 Rxf1+ 35. Qxf1 Rf8 36. Qg2 Qa7 37. h4 Qa1+ 38. Qg1 Qa8+ 39. Qg2 Qa1+ 40. Kh2 Qe1 41. e4 Bf7 42. Nxb6 Be6 43.
Nd5 Bxd5 44. exd5 Qd1 45. b6 Qg4 46. b7 Rb8 47. Qh3 Qf3 48. Qe6+ Kh8 49. Qc8+ Qf8 50. Qxf8+ Rxf8 51. b8=Q Rg8 52. Qe5 c4 53. Qxc3 h6 54. Rb6 Kh7 55. Nf5 h5 56. Qe5 cxd3 57. Qe6 d2 58.
Qh6+ gxh6 59. Rxh6# 1-0